 Dungeon Crawl Stone Soup version 0.31-a0-204-g7da18cac08 (webtiles) character file.

Game seed: 12974459931935377430

63 qw the Shooter (level 3, 0/20 HPs)
             Began as a Deep Elf Hunter on June 27, 2023.
             Succumbed to their own poison gas
             ... on level 2 of the Dungeon.
             The game lasted 00:00:30 (1140 turns).

qw the Shooter (Deep Elf Hunter)                    Turns: 1140, Time: 00:00:30

Health: 0/20       AC:  5    Str: 10    XL:     3   Next: 89%
Magic:  5/5        EV: 11    Int: 13    God:
Gold:   120        SH:  0    Dex: 18    Spells: 2/2 levels left

rFire   . . .        Y - +0 shortbow
rCold   . . .        (shield currently unavailable)
rNeg    . . .        h - +0 ring mail
rPois   .            (no helmet)
rElec   .            (no cloak)
rCorr   .            (no gloves)
SInv    .            (no boots)
Will    .....        (no amulet)
Stlth   +            (no ring)
HPRegen 0.23/turn    (no ring)
MPRegen 0.09/turn

%: no passive effects
@: lethally poisoned (0 -> -4)
A: no striking features
a: no special abilities


You were on level 2 of the Dungeon.
You visited 1 branch of the dungeon, and saw 2 of its levels.

You collected 120 gold pieces.


   Skills:
 - Level 1.5 Fighting
 + Level 7.3 Ranged Weapons
 - Level 2.4 Dodging
 - Level 1.2 Stealth


You had 2 spell levels left.
You didn't know any spells.
Your spell library was empty.

Inventory:

Hand Weapons
 Y - a +0 shortbow (weapon)
Armour
 h - a +0 ring mail (worn)
Scrolls
 a - 4 scrolls of identify

Dungeon Overview and Level Annotations

Branches:
Dungeon (2/15)

Altars:


Message History

1132 ||| READING scroll labelled AGAMPU XUQYG.
The air fills with toxic fumes!
As you read the scroll labelled AGAMPU XUQYG, it crumbles to dust.
It was a scroll of poison.
Done exploring.
1133 ||| READING 5 scrolls of identify.
As you read the scroll of identify, it crumbles to dust.
b - a potion of degeneration
1133 ||| IDENTIFYING fuming white potion Done exploring.
1134 ||| DROPPING potion of degeneration.
You drop a potion of degeneration.
Done exploring.
(D) Dungeon
Where to? (* - list waypoints, Enter - D:2, ? - help)
What level of the Dungeon? (default 1, ? - help) Sorry, I don't know how to get there.
Enter note:
Enter note:
Enter note:
Enter note:
Enter note:
Enter note:
Enter note:
Enter note:
Enter note: Really walk into that cloud of poison gas?
You are engulfed in poison gas.
You are poisoned.
You feel very sick.
1136 ||| Stepping ~*~*~tactically~*~*~ (cloud).
You feel very sick.
You see here a potion of degeneration.
There is a lethal amount of poison in your body!
You feel sick.
There is a lethal amount of poison in your body!
You feel sick.
There is a lethal amount of poison in your body!
You feel sick.
There is a lethal amount of poison in your body!
You die...

#.#...# #...##.##.
#..<..## ##.#.....##
###.00.###.####....#
##0##...## ##.#.#
#¤###.### #.... #¤#
#...# #..## #0#
###.# ##(# ##¤# #.#
#.## #@0# #.# #...
#¤## #.# #### #0#
#.# #0# #.## #0#
#..## #0######...##
#¤¤.........#
########...##
#..########


There were no monsters in sight!

Vanquished Creatures
  2 adders (D:2)
  A worm (D:2)
  2 dart slugs (D:1)
  2 ball pythons
  3 bats
  3 endoplasms
  3 goblins (D:1)
  3 hobgoblins
  3 jackals (D:1)
  3 kobolds
  5 quokkas (D:1)
  5 frilled lizards
  A rat (D:1)
36 creatures vanquished.

Notes
Turn   | Place    | Note
-------+----------+-------------------------------------------
     0 | D:1      | qw the Deep Elf Hunter began the quest for the Orb.
     0 | D:1      | Reached XP level 1. HP: 12/12 MP: 3/3
     0 | D:1      | 0 ||| qw: Version: 0.3-a-22-g0ed2b0b
     0 | D:1      | 0 ||| qw: Game counter: 6480
     0 | D:1      | 0 ||| qw: Melee chars always use a shield: true
     0 | D:1      | 0 ||| qw: God list: Okawaru
     0 | D:1      | 0 ||| qw: Allow faded altars: false
     0 | D:1      | 0 ||| qw: Do Orc after clearing Dungeon:15 true
     0 | D:1      | 0 ||| qw: Do second Lair branch before Depths: true
     0 | D:1      | 0 ||| qw: Lair rune preference: random
     0 | D:1      | 0 ||| qw: Goals: Normal
     0 | D:1      | 0 ||| PLANNING D:1-11
    97 | D:1      | Reached skill level 6 in Ranged Weapons
    97 | D:1      | Reached XP level 2. HP: 16/16 MP: 4/4
   232 | D:1      | 232 ||| FLEEEEING.
   233 | D:1      | 233 ||| FLEEEEING.
   234 | D:1      | 234 ||| FLEEEEING.
   374 | D:1      | Reached XP level 3. HP: 20/20 MP: 5/5
   494 | D:1      | 494 ||| UPGRADING to +0 scale mail.
   504 | D:1      | 504 ||| DROPPING +0 leather armour.
   505 | D:1      | 505 ||| UPGRADING to +0 ring mail.
   515 | D:1      | 515 ||| DROPPING +0 scale mail.
   516 | D:1      | 516 ||| READING scroll labelled GOACUE IFRYU.
   517 | D:1      | 517 ||| READING scroll labelled KUL JEBLISA.
   518 | D:1      | 518 ||| READING scroll labelled WIN HEWKAGOQA.
   519 | D:1      | 519 ||| READING scroll labelled RURUBO JELEY.
   520 | D:1      | 520 ||| DROPPING scroll of butterflies.
   710 | D:2      | Reached skill level 7 in Ranged Weapons
  1132 | D:2      | 1132 ||| READING scroll labelled AGAMPU XUQYG.
  1133 | D:2      | 1133 ||| READING 5 scrolls of identify.
  1133 | D:2      | 1133 ||| IDENTIFYING fuming white potion
  1134 | D:2      | 1134 ||| DROPPING potion of degeneration.
  1136 | D:2      | 1136 ||| Stepping ~*~*~tactically~*~*~ (cloud).
  1136 | D:2      | HP: 5/20 [poisoned by you (poison gas)]
  1138 | D:2      | HP: 2/20 [poisoned by you (poison gas)]
  1140 | D:2      | Succumbed to their own poison gas

Levels and vault maps discovered:
D:1:      amcnicky_arrival_blooded_trapdoor, layout_basic
D:2:      layout_loops_ring, minmay_misc_feat_square, minivault_26,
          chequers_mini_garden, eino_tiny_chamber

Skill      XL: |  1  2  3 |
---------------+----------+-----
Ranged Weapons | 6 7 |  7.3
Fighting       | |  1.5
Dodging        | |  2.4
Stealth        | |  1.2

Action                     || total
---------------------------++-------
   Fire: Shortbow          ||   105
    Use: Scroll            ||     6
 Armour: Leather armour    ||    12
         Ring mail         ||     3
  Dodge: Dodged            ||    33

Table legend:
 A = Non-vault XP
 B = Vault XP
 C = Vault XP percentage of total XP
 D = Non-vault monster count
 E = Vault monster count
 F = Vault count percentage of total count
                 A         B        C        D         E       F
            +---------+---------+-------+---------+---------+-------
      Total |      91 |       0 |   0.0 |      36 |       0 |   0.0
            +---------+---------+-------+---------+---------+-------
        D:1 |      49 |       0 |   0.0 |      25 |       0 |   0.0
        D:2 |      42 |       0 |   0.0 |      11 |       0 |   0.0
            +---------+---------+-------+---------+---------+-------
